AoeStats
← agamemnon_of_mycenae

Nomad

510172500Analyzed
2v2 RM · 2d ago on Sep 29, 2026· 60m 23s· 4 players
Game mode
Random Map
Map size
176×176
Population
200
Speed
Normal
Resources
Standard
Victory
Conquest
Starting age
Dark Age
Ending age
Imperial Age
RankedLock teamsTeams togetherTeam positionsShared explorationLock speedFull tech treeHidden civsTurbo modeCheats
Victory
Defeat
🇺🇸 Portuguese · United States
1070
+15
🇧🇷 Koreans · Brazil
1067
+15
🇷🇺 Magyars · Russia
1060
-15
1050
-15
✠Templar✠
13:20 Loom
15:33 Feudal Age
16:24 Double-Bit Axe
16:21 Horse Collar
18:38 Gold Mining
18:38 Stone Mining
23:40 Wheelbarrow
29:01 Castle Age
28:39 Bloodlines
29:08 Scale Barding Armor
30:34 Chain Barding Armor
30:20 Husbandry
31:30 Corvinian Army
34:47 Bow Saw
36:23 Heavy Plow
41:44 Hand Cart
46:42 Imperial Age
44:41 Light Cavalry
50:05 Crop Rotation
52:30 Hussar
54:44 Plate Barding Armor
54:50 Cavalier
58:47 Man-at-Arms
59:29 Scale Mail Armor
Водитель по губам
12:30 Loom
15:38 Feudal Age
17:56 Horse Collar
18:07 Double-Bit Axe
21:58 Wheelbarrow
25:04 Castle Age
29:31 Forging
29:27 Scale Barding Armor
32:48 Detinets
32:59 Elite Skirmisher
39:11 Imperial Age
36:45 Fletching
36:55 Padded Archer Armor
37:48 Heavy Plow
38:01 Bow Saw
40:57 Bodkin Arrow
41:18 Leather Archer Armor
43:20 Two-Man Saw
50:34 Bloodlines
50:25 Husbandry
50:25 Elite Boyar
54:47 Ring Archer Armor
55:52 Crop Rotation
58:43 Ballistics
59:24 Chemistry
agamemnon_of_mycenae
5:41 Loom
14:29 Feudal Age
14:52 Fishing Lines
15:50 Wheelbarrow
15:02 Double-Bit Axe
21:04 Castle Age
18:59 Horse Collar
22:03 Hand Cart
21:44 Gillnets
22:06 Bow Saw
21:52 Fletching
21:54 Stone Mining
23:58 Stone Shaft Mining
23:15 Gold Mining
23:47 Town Watch
26:30 Horse Collar
29:12 Heavy Plow
32:07 Imperial Age
30:02 Town Patrol
31:16 Circumnavigation
33:18 Crop Rotation
34:01 Chemistry
33:22 Ballistics
36:38 Two-Man Saw
35:49 Siege Engineers
35:27 Pikeman
35:52 Arson
35:53 Gambesons
36:25 Forging
36:15 Scale Mail Armor
36:02 Halberdier
38:50 Iron Casting
38:15 Scale Mail Armor
38:11 Bodkin Arrow
39:18 Conscription
40:27 Bombard Tower
41:48 Murder Holes
42:02 Bracer
45:22 Arquebus
47:52 Elite Cannon Galleon
52:36 Blast Furnace
51:51 Chain Mail Armor
54:18 Plate Mail Armor
Lord Tiquira
10:27 Loom
14:54 Feudal Age
15:55 Double-Bit Axe
18:50 Forging
23:04 Castle Age
23:46 Fletching
25:40 Stone Mining
28:45 Squires
31:06 Bow Saw
31:34 Bodkin Arrow
37:14 Gold Mining
38:33 Wheelbarrow
37:40 Horse Collar
42:29 Imperial Age
39:49 Town Watch
40:53 Husbandry
40:14 Light Cavalry
41:30 Hand Cart
41:55 Medium Warships
42:45 Scale Barding Armor
43:15 Iron Casting
42:34 Hussar
43:41 Conscription
44:03 Chain Barding Armor
43:08 Cavalier
45:25 Elite Fire Lancer
46:46 Scale Mail Armor
46:34 Arson
48:54 Pikeman
49:11 Pikeman
50:24 Heavy Plow
50:05 Halberdier
51:52 Town Patrol
52:08 Chain Mail Armor
53:46 Plate Mail Armor
57:25 Shinkichon
57:07 Eupseong
Connection lost

Rejoining the realm…

Still unreachable

The connection could not be restored.

Session expired

The server has moved on; the page needs a fresh start.